 Dungeon Crawl Stone Soup version 0.29-a0-344-ge2f44be95a (webtiles) character file.

Game seed: 6679485455639514792

298671 spaghetti the Worldbinder (level 21, -6/172 HPs)
             Began as a Barachi Summoner on Apr 21, 2022.
             Was an Initiate of Gozag.
             Killed by divine providence
             ... invoked by a meliai
              (15 damage)
             ... on level 4 of the Abyss.
             The game lasted 04:30:19 (86353 turns).

spaghetti the Worldbinder (Barachi Summoner)       Turns: 86353, Time: 04:30:20

Health: -6/172     AC: 40    Str: 22    XL:     21   Next: 33%
Magic:  9/35       EV: 29    Int: 20    God:    Gozag
Gold:   76         SH:  6    Dex: 25    Spells: 18/41 levels left

rFire   + + .      SeeInvis .   K - +9 quick blade (drain) {shortrare=g}
rCold   + + .      Faith    .   m - +0 buckler of the Bull {Will- Str+3 Dex+7}
rNeg    . . .      Spirit   .   N - +6 gold dragon scales {rare}
rPois   +          Reflect  .   W - +0 helmet of Elyvilon's Pride {rElec rPois}
rElec   +          Harm     .   g - +2 cloak
rCorr   +          Rampage  .   c - +1 pair of gloves {hurl}
Will    .....      Rage     3%  I - +1 pair of boots {Stlth+}
Stlth   ..........              j - amulet of Efex {Acrobat Str+4}
HPRegen 0.38/turn               X - +6 ring of strength
MPRegen 0.24/turn               i - +4 ring of protection

@: mighty, resistant, unable to hop, acrobatic, hasted, studying Ice Magic,
quick
A: amphibious, slowness 1, strong legs 2, +LOS, iridescent scales 1, thin
skeletal structure 1, screaming 1, electricity resistance, [berserk 2], [weak 2]
}: 1/15 runes: gossamer
a: Hop, Renounce Religion, Potion Petition, Call Merchant, Bribe Branch


You were on level 4 of the Abyss.
You worshipped Gozag.
Gozag was noncommittal.
You visited 8 branches of the dungeon, and saw 35 of its levels.
You visited the Abyss 6 times.
You also visited: Bailey and Ice Cave.

You collected 17581 gold pieces.
You spent 5190 gold pieces at shops.
You paid 12315 gold pieces to Gozag.


Innate Abilities, Weirdness & Mutations

You are amphibious.
You cover ground slowly.
You can hop long distances.
You have an extended range of vision and can be seen from far away.
You are partially covered in iridescent scales. (AC +2)
You have a somewhat thin skeletal structure. (Dex +2, Stealth+)
You occasionally shout uncontrollably at your foes.
You are resistant to electric shocks. (rElec)
[You often lose your temper in combat.]
[You are very weak. (Str -4)]


   Skills:
 - Level 16.6 Fighting
 - Level 8.0 Short Blades
 - Level 12.2 Armour
 - Level 17.8 Dodging
 - Level 1.7 Stealth
 - Level 2.0 Shields
 - Level 10.9 Spellcasting
 - Level 10.6 Conjurations
 + Level 26.4 Summonings
 - Level 6.0 Translocations
 - Level 12.0 Air Magic


You had 18 spell levels left.
You knew the following spells:

 Your Spells              Type           Power      Damage    Failure   Level
a - Summon Small Mammal   Summ           100%       N/A       0%          1
b - Call Canine Familiar  Summ           86%        N/A       1%          3
c - Summon Lightning Spi  Summ/Air       73%        N/A       1%          4
d - Summon Forest         Summ/Tloc      33%        N/A       16%         5
e - Summon Hydra          Summ           43%        N/A       8%          7
f - Swiftness             Air            56%        N/A       10%         3

Your spell library contained the following spells:

 Spells                   Type           Power      Damage    Failure   Level
 Call Imp                 Summ           86%        N/A       0%          2
 Summon Cactus Giant      Summ           43%        N/A       1%          6
 Shock                    Conj/Air       100%       1d9       4%          1
 Magic Dart               Conj           100%       1d8       6%          1
 Summon Guardian Golem    Hex/Summ       59%        N/A       6%          3
 Static Discharge         Conj/Air       54%        N/A       7%          2
 Searing Ray              Conj           100%       2d8       9%          2
 Airstrike                Air            28%        N/A       32%         4
 Apportation              Tloc           68%        N/A       36%         1
 Poisonous Vapours        Pois/Air       68%        N/A       52%         2
 Mephitic Cloud           Conj/Pois/Air  41%        N/A       52%         3
 Iskenderun's Battlesphe  Conj           52%        2d10      85%         5
 Spellforged Servitor     Conj/Summ      35%        N/A       88%         7
 Passage of Golubria      Tloc           34%        N/A       98%         4
 Animate Skeleton         Necr           20%        N/A       99%         1
 Slow                     Hex            40%        N/A       99%         1
 Sting                    Tmut/Pois      40%        1d5       99%         1
 Portal Projectile        Hex/Tloc       44%        N/A       99%         3
 Flame Wave               Conj/Fire      32%        2d8       99%         4
 Fulminant Prism          Conj/Hex       16%        3d11      99%         4
 Sticky Flame             Conj/Fire      32%        2d5       99%         4
 Freezing Cloud           Conj/Ice/Air   20%        6-21      99%         5
 Ensorcelled Hibernation  Hex/Ice        20%        N/A       100%        2
 Scorch                   Fire           20%        2d6       100%        2
 Sublimation of Blood     Necr           10%        N/A       100%        2
 Wereblood                Tmut           10%        N/A       100%        2
 Confusing Touch          Hex            10%        N/A       100%        3
 Ozocubu's Armour         Ice            10%        N/A       100%        3
 Tukima's Dance           Hex            10%        N/A       100%        3
 Vampiric Draining        Necr           10%        2d6       100%        3
 Anguish                  Hex/Necr       5%         N/A       100%        4
 Cause Fear               Hex            5%         N/A       100%        4
 Dispel Undead            Necr           10%        3d9       100%        4
 Leda's Liquefaction      Hex/Erth       5%         N/A       100%        4
 Olgreb's Toxic Radiance  Pois           10%        N/A       100%        4
 Alistair's Intoxication  Tmut/Pois      6%         N/A       100%        5
 Blade Hands              Tmut           5%         N/A       100%        5
 Excruciating Wounds      Necr           5%         N/A       100%        5
 Fireball                 Conj/Fire      16%        3d8       100%        5
 Yara's Violent Unravell  Hex/Tmut       5%         3d4       100%        5
 Eringya's Noxious Bog    Tmut/Pois      5%         N/A       100%        6
 Iron Shot                Conj/Erth      16%        9d4       100%        6
 Simulacrum               Ice/Necr       5%         N/A       100%        6
 Enfeeble                 Hex            5%         N/A       100%        7
 Ozocubu's Refrigeration  Ice            5%         4d6       100%        7
 Chain Lightning          Conj/Air       27%        3d36      100%        9
 Polar Vortex             Ice            5%         N/A       100%        9

Inventory:

Hand Weapons
 K - a +9 quick blade of draining (weapon) {shortrare=g}
   (You bought it in a shop on level 1 of the Dungeon)
Missiles
 k - 536 stones {throwing}
 J - a throwing net {=f!fthrowing}
 T - 3 atropa-tipped darts {throwing}
 U - 14 poisoned darts {throwing}
Armour
 c - a +1 pair of gloves of hurling (worn)
   (You found it on level 4 of the Spider Nest)
 g - a +2 cloak (worn)
   (You found it on level 1 of the Dungeon)
 m - the +0 buckler of the Bull (worn) {Will- Str+3 Dex+7}
   (You acquired it on level 2 of the Dungeon)

   Str:       It affects your strength (+3).
   Dex:       It affects your dexterity (+7).
   Will:      It decreases your willpower.
 H - the +18 shield of the Gong {rElec rN+ Will+ EV-5}
   (You found it on level 1 of the Vaults)

   It is deafeningly noisy when blocking attacks.
   EV:        It affects your evasion (-5).
   rElec:     It insulates you from electricity.
   rN:        It protects you from negative energy.
   Will:      It increases your willpower.
 I - a +1 pair of boots of stealth (worn)
   (You found it on level 1 of the Vaults)
 N - +6 gold dragon scales (worn) {rare}
   (You bought it in a shop on level 4 of the Lair of Beasts)
 W - the +0 helmet of Elyvilon's Pride (worn) {rElec rPois}
   (You bought it in a shop on level 9 of the Dungeon)

   rElec:     It insulates you from electricity.
   rPois:     It protects you from poison.
Jewellery
 i - a +4 ring of protection (right hand)
   (You took it off a deep elf demonologist on level 1 of the Elven Halls)
 j - the amulet of Efex (around neck) {Acrobat Str+4}
   (You bought it in a shop on level 2 of the Orcish Mines)

   [amulet of the acrobat]

   It increases your evasion while moving and waiting.
   Str:       It affects your strength (+4).
 X - a +6 ring of strength (left hand)
   (You found it on level 3 of the Vaults)
Wands
 l - a wand of mindburst (8)
   (You found it on level 4 of the Spider Nest)
 y - a wand of flame (7)
   (You found it on level 2 of the Vaults)
Scrolls
 d - 6 scrolls of amnesia
 f - 4 scrolls of holy word
 h - 11 scrolls of immolation {!r!r}
 n - a scroll of vulnerability {!r!r}
 s - 5 scrolls of magic mapping {!r}
 v - 2 scrolls of silence {!r}
 A - 3 scrolls of fog
 P - 25 scrolls of identify {@r1}
 R - 2 scrolls of torment {!r}
 V - 5 scrolls of enchant weapon
Potions
 b - 2 potions of magic
 e - 2 potions of mutation {!q}
 o - 2 potions of cancellation
 q - 4 potions of flight
 r - 7 potions of lignification {!q}
 x - 10 potions of attraction {!q}
 B - 5 potions of brilliance
 F - 3 potions of might
Miscellaneous
 a - a phantom mirror (inert)
   (You found it on level 9 of the Dungeon)
 t - a box of beasts
   (You found it on level 9 of the Dungeon)
 z - a tin of tremorstones (2/2) {throwing}
   (You found it on level 3 of the Vaults)
 G - a piece from Xom's chessboard (15/15)
   (You found it in an ice cave)

Dungeon Overview and Level Annotations

Branches:
Dungeon (15/15)            Temple (0/1) D:4            Lair (6/6) D:11
  Swamp (1/4) Lair:3       Spider (4/4) Lair:4        Slime (0/5) Lair:5
    Orc (2/2) D:12            Elf (3/3) Orc:2        Vaults (3/5) D:14
 Depths (1/4) D:15         Bailey (visited)           IceCv (visited)
  Crypt: Vaults:2-3

Altars:
Dithmenos
Elyvilon
Fedhas
Gozag
Hepliaklqana
Makhleb
Okawaru
Vehumet
Wu Jian
Xom
The Shining One
Beogh

Shops:
D:1 :[(   D:9 [   D:11 !   Orc:2 ![::===   Elf:2 [*   Lair:4 [   Vaults:2 [

Portals:
Abyss: Depths:1
Trove: D:10 (give horn of Geryon)

Annotations:
D:13 3 runed translucent doors, Taurus's ghost, journeyman MiBe
D:15 Roxanne
Elf:2 3 runed translucent doors
Vaults:3 1 exclusion

# ##φ# # $ ###
#y†#†.##
##.##...u.†.#
##.#.@.# ##u###y##
##.*.#...#
#.y#.*.#... ##†#
#†###†## .# ..
#...#...#... ..
≈..##.#...#...#...#
≈≈...###†###†###.##
.≈≈≈..#...#... ..#
..


You could see a green very ugly thing, a wretched star and 2 meliai.


Message History

MASSIVE DAMAGE!! (PAUSE)
Okay, then.
Okay, then.
Okay, then.
Press: ? - help, v - describe, . - travel The floor.
Okay, then.
Hop to where?
Press: ? - help, Dir - move target A hell hog comes into view.
Boing!
You plunge deeper into the Abyss.
The abyssal rune of Zot can be found at this depth.
You hear an angry buzzing noise.
You hear a horrible gurgling sound! 😮 HP[+1]
A meliai comes into view. It is wielding a +0 hand axe.
The meliai buzzes angrily.
You hear an angry buzzing noise. [a] - 567 gold - heal wounds, berserk rage, curing and magic [b] - 648 gold - resistance, might and haste [c] - 364 gold - heal wounds, curing and berserk rage Purchase which effect?
You no longer have enough gold to petition Gozag for potion effects.
You feel protected.
You feel very mighty all of a sudden.
You feel yourself speed up.
The meliai invokes the aid of its god against you.
Something smites you!
* * * LOW HITPOINT WARNING * * *
The meliai hits you but does no damage. The meliai stings you!
* * * LOW HITPOINT WARNING * * *
😨 HP[-18] MP[+1]
You take 18 damage, and now have 72/172 hp.
Unknown command.
Unknown command.
The meliai attacks as you move away! The meliai hits you but does no damage.
The meliai barely misses you. You block the meliai's attack.
The meliai completely misses you. The meliai attacks as you move away!
The meliai closely misses you. The meliai completely misses you.
A meliai comes into view. It is wielding a +0 hand axe.
The meliai barely misses you. The meliai misses you.
The meliai attacks as you move away! The meliai misses you.
The meliai completely misses you. 😨 HP[+1]
The meliai attacks as you move away! You block the meliai's attack.
The meliai barely misses you.
A queen bee and a wretched star come into view.
Found a gateway leading deeper into the Abyss.
The meliai invokes the aid of its god against you.
Something smites you!
* * * LOW HITPOINT WARNING * * *
😨 HP[-14]
You take 14 damage, and now have 59/172 hp.
You see here an elf corpse. 😨 MP[+1]
The meliai attacks as you move away! The meliai closely misses you.
The meliai misses you. x2; The meliai barely misses you. 😨 HP[+1]
The meliai invokes the aid of its god against you.
Something smites you!
* * * LOW HITPOINT WARNING * * *
😨 HP[-10]
You take 10 damage, and now have 50/172 hp.
A green very ugly thing comes into view.
The green very ugly thing gurgles horribly!
You see here an elf corpse.
The meliai mumbles some strange prayers to its god against you.
Something smites you!
* * * LOW HITPOINT WARNING * * *
😱 HP[-12]
You take 12 damage, and now have 38/172 hp.
A wretched star comes into view.
The green very ugly thing pecks you but does no damage. 😱 HP[+1] MP[+1]
The meliai invokes the aid of its god against you.
Something smites you!
* * * LOW HITPOINT WARNING * * *
The green very ugly thing pecks you!
* * * LOW HITPOINT WARNING * * *
😱 HP[-19]
You take 19 damage, and now have 20/172 hp.
The meliai mumbles some strange prayers to its god against you.
Something smites you!
* * * LOW HITPOINT WARNING * * *
The wretched star pulses with an eldritch light!
You feel a little pissed off.
You feel angry. 😱 HP[-12]
You take 12 damage, and now have 8/172 hp.
Okay, then. 😱 HP[+1]
A green very ugly thing comes into view.
The green very ugly thing gurgles horribly!
You hear an angry buzzing noise. x2
A meliai comes into view. It is wielding a +0 hand axe.
You ribbit at the meliai!
The meliai barely misses you. The meliai closely misses you.
The meliai buzzes angrily.
You hear a horrible gurgling sound! x2
The meliai invokes the aid of its god against you.
Something smites you!
You die...
Your body crumbles into a pile of gold.

Skill      XL: |  1  2  3  4  5  6  7  8  9 10 11 12 13 14 15 16 17 18 19 20 21 |
---------------+----------------------------------------------------------------+-----
Summonings     | 5 6 7 8 10 11 12 13 14 15 18 22 25 26 | 26.4
Dodging        | 3 4 5 7 8 11 12 13 14 15 16 17 | 17.8
Air Magic      | 1 2 3 4 6 8 9 10 11 12 | 12.0
Short Blades   | 4 8 |  8.0
Fighting       | 6 9 11 13 14 15 16 | 16.6
Conjurations   | 3 5 7 8 9 10 | 10.6
Spellcasting   | 3 4 5 7 8 9 10 | 10.9
Armour         | 8 9 11 12 | 12.2
Translocations | 3 5 6 |  6.0
Shields        | 2 |  2.0
Stealth        | |  1.7

Action                   |  1- 3 |  4- 6 |  7- 9 | 10-12 | 13-15 | 16-18 | 19-21 || total
-------------------------+-------+-------+-------+-------+-------+-------+-------++-------
Melee: Unarmed           |    13 |       |       |       |       |       |       ||    13
       Club              |    61 |   126 |    76 |       |       |       |       ||   263
       Quick blade       |       |       |   167 |   615 |  1224 |  2283 |  1781 ||  6070
 Cast: Summon Small Mamm |    31 |    25 |    31 |    54 |    31 |   109 |   175 ||   456
       Call Canine Famil |     5 |    17 |    29 |    41 |    28 |   180 |   268 ||   568
       Summon Lightning  |       |       |    22 |    56 |    61 |   195 |   207 ||   541
       Summon Forest     |       |       |       |       |     2 |    25 |    17 ||    44
       Swiftness         |       |       |       |       |       |     2 |    10 ||    12
       Summon Hydra      |       |       |       |       |       |       |   117 ||   117
Invok: Call Merchant     |       |       |       |     1 |     5 |       |     1 ||     7
       Potion Petition   |       |       |       |       |     1 |     5 |    10 ||    16
 Abil: Hop               |     2 |     4 |     5 |     5 |     6 |     2 |    16 ||    40
Evoke: Wand              |       |     3 |     4 |     3 |     1 |     1 |       ||    12
       Phantom mirror    |       |       |       |       |     1 |     4 |     4 ||     9
       Box of beasts     |       |       |       |       |       |     1 |     2 ||     3
  Use: Scroll            |     5 |       |    12 |     7 |     5 |    17 |    24 ||    70
       Potion            |     2 |     6 |     3 |     4 |     6 |    14 |    34 ||    69
 Stab: Sleeping          |     1 |     5 |     7 |     7 |     7 |     8 |       ||    35
       Distracted        |       |     2 |     3 |    11 |    14 |    48 |    42 ||   120
       Invisible         |       |       |       |       |       |       |     6 ||     6
Armor: Robe              |    31 |    38 |    19 |       |       |       |       ||    88
       Skin              |       |       |    19 |       |       |       |       ||    19
       Swamp dragon scal |       |       |    16 |   101 |   144 |   126 |       ||   387
       Gold dragon scale |       |       |       |       |       |   581 |   927 ||  1508
Dodge: Dodged            |    75 |   117 |   131 |   326 |   639 |  1515 |  1152 ||  3955
Block: Buckler           |    10 |    36 |    55 |    56 |   154 |   417 |   419 ||  1147

Levels and vault maps discovered:
D:1:      lemuel_arrival_broad_hall, layout_rooms,
          shapermc_ecumenical_altar_starsandcircs, serial_shops, shop, shop,
          nicolae_shop_crystal, serial_forest, infiniplex_forest_straight_1,
          infiniplex_forest_lined_1, infiniplex_forest_clump_small,
          infiniplex_forest_end_2, infiniplex_forest_clump_double,
          infiniplex_forest_end_2, infiniplex_forest_lined_2
D:2:      minmay_chambers_of_ones, layout_rooms, chequers_serial_rivers_micro_d,
          wad_floor_pattern_untrapped, uniq_crazy_yiuf_cottage
D:3:      layout_basic, st_stairs_1, hangedman_decor_growths,
          kennysheep_generic_room_15
D:4:      layout_layer_cave, nicolae_gozag_cash_rules_everything_around_me,
          temple_green, gup_sewer_entry_spiral
D:5:      layout_basic, mainiacjoe_overflow_six_doors_small, uniq_ijyb
D:6:      minmay_razor_zed, layout_cave_pools, elyvilon_altar_3, abandoned_shop,
          uniq_maggie, uniq_edmund, uniq_blork_the_orc
D:7:      layout_cave_pools, uniq_duvessa, uniq_menkaure, uniq_joseph
D:8:      layout_gridville, gammafunk_temple_overflow_pools, enter_bailey_2
D:9:      layout_basic, mainiacjoe_overflow_concentric_impassable,
          lightli_fourway_metalbox, uniq_pikel
D:10:     layout_basic, jmf_multi_god_temple, nicolae_trove_entry_path_of_doom,
          minmay_misc_feat_iff
D:11:     layout_big_octagon, minmay_lair_entry_grove,
          portal_ice_cave_entry_imps
D:12:     cheibrodos_breeding_chamber, layout_cave_pods, david_orc_5
D:13:     layout_loops_corners, gammafunk_ghost_split, moated_statue,
          nicolae_underground_beach, uniq_azrael
D:14:     layout_basic, erik_vaults_2, fedhas_altar_4
D:15:     grunt_enter_depths_hoard, layout_basic,
          grunt_dithmenos_smoke_and_mirrors, grunt_ministairs_2, uniq_louise,
          uniq_rupert, uniq_roxanne
Lair:1:   layout_long_grid, beast_lair_carwin_3, grunt_megastairs_3
Lair:2:   layout_layer_cave, serial_rivers, chequers_serial_rivers_micro_e,
          chequers_serial_rivers_micro_d, chequers_serial_rivers_micro_e,
          chequers_serial_rivers_room_b, chequers_serial_rivers_room_b,
          chequers_serial_rivers_small_b, columned_hall_lemuel,
          grunt_forest_small_clearing_treed, lemuel_fruit_tree
Lair:3:   layout_regular_city, palyth_hydra_swamp_entry, st_stairs_11,
          chequers_serial_rivers_small_b
Lair:4:   layout_small_grid, spider_nest_entry_rubble
Lair:5:   layout_hall_layers, minmay_slime_entry_jelly_boxes,
          infiniplex_staircase_pool_2, grunt_megastairs_4
Lair:6:   cheibrodos_lair_end_hotspot, layout_regular_city, basic_altar,
          fungi_pond_lemuel, minivault_25, st_stairs_5
Swamp:1:  layout_basic_swamp, evilmike_swamp_ruin_house_6, swamp_pool2
Spider:1: nicolae_spider_hilbert_zone_1 [nicolae_spider_hilbert_4_sides_1_open,
          nicolae_spider_hilbert_4_sides_1_open,
          nicolae_spider_hilbert_4_sides_1_open,
          nicolae_spider_hilbert_4_sides_1_open,
          nicolae_spider_hilbert_3_sides_1_open,
          nicolae_spider_hilbert_3_sides_1_open,
          nicolae_spider_hilbert_3_sides_1_open,
          nicolae_spider_hilbert_3_sides_1_open,
          nicolae_spider_hilbert_3_sides_1_open,
          nicolae_spider_hilbert_6_sides_1_open,
          nicolae_spider_hilbert_6_sides_1_open,
          nicolae_spider_hilbert_3_sides_1_open,
          nicolae_spider_hilbert_3_sides_1_open,
          nicolae_spider_hilbert_3_sides_1_open,
          nicolae_spider_hilbert_3_sides_1_open,
          nicolae_spider_hilbert_2_sides_1_open]
Spider:2: layout_spider_delve, special_room [special_room_bee],
          nicolae_arachne_temple
Spider:3: layout_spider_delve, nicolae_spider_claw_tunnel, uniq_jorgrun,
          uniq_aizul, uniq_asterion
Spider:4: spider_rune_water, hangedman_stitches_earthworm, uniq_nikola,
          uniq_arachne
Orc:1:    layout_caves, basic_altar
Orc:2:    st_orc_open, layout_caves, basic_altar, uniq_urug, uniq_maurice,
          uniq_josephine
Elf:1:    eino_elf_arrival_shootout, layout_geoelf_grid, minmay_elf_demonology
Elf:2:    elven_hall_of_blades_hangedman_original
          [infiniplex_blade_entry_pillars], layout_geoelf_diagonals,
          serial_shops, nicolae_take_the_stairs, nicolae_shop_statue_plus,
          billiards_dpeg
Elf:3:    minmay_elf_hall_quartered_circle, layout_loops_cross,
          nicolae_elf_v_pinch, uniq_saint_roka
Vaults:1: biasface_ghost_orc_armoury, hellmonk_guarded_unrand_gong,
          nicolae_vaults_stairing_the_circle, nicolae_vaults_network_s,
          hangedman_vaults_capsules, vaults_standard_mumra_lines,
          hangedman_vaults_nails, nicolae_vaults_circle_grid_b,
          vaults_mumra_hexcomb, vaults_dpeg_ring, v_misc_17, v_misc_13,
          v_misc_13, vaults_room_octagon, layout_vaults_maze, serial_shops,
          bzr_entry_lakeside
Vaults:2: hangedman_vaults_restitches, nicolae_vaults_asterisk,
          nicolae_vaults_theta, v_misc_23, v_misc_10,
          nicolae_vaults_little_squares_3, nicolae_vaults_little_squares_6,
          v_misc_9, vaults_dpeg_cross, vaults_dpeg_spiral,
          nicolae_vaults_sealed_display, layout_vaults_omnibox
Vaults:3: vaults_room_grid, ontoclasm_vaults_claustrophobia, st_greater_box_5,
          v_alt_pattern_6, hangedman_vaults_cutoff, hangedman_vaults_nails,
          ontoclasm_vaults_spin, minmay_crypt_entry_simple_round,
          hangedman_vaults_restitches, hangedman_vaults_slice,
          layout_vaults_omnicross
Depths:1: layout_roguey [special_room_mythical_zoo], rand_demon_pan_entry_7,
          hell_entry, abyss_entry, lemuel_crystal_altar, minislime_mu
Abyss:4:  base: Vaults:2, patterned_corridor, evilmike_abyss_rune_tso_outpost,
          base: Orc:2, dshaligram_kb_abyss_rune_zappy_water_cross,
          evilmike_abyss_exit_chaos, hangedman_abyss_overflow_altar,
          lemuel_flamethrower_3, evilmike_abyss_rune_elephants_shrine,
          dshaligram_kb_abyss_rune_zappy_water_cross,
          eino_small_chamber_without_monster, evilmike_abyss_exit_15,
          guppyfry_abyss_exit_glass_guarded, lemuel_flamethrower_hall,
          grunt_abyss_rune_forest_and_sorcery, minivault_28,
          hangedman_shadowy_showcase, evilmike_abyss_rune_ettins,
          evilmike_abyss_exit_10, minivault_25,
          evilmike_abyss_rune_elephants_shrine, minivault_4,
          hangedman_decor_riveting, hangedman_abyss_monster_moat, base: D:14,
          minivault_13, grunt_abyss_rune_wretched_hive

Notes
Turn   | Place    | Note
-------+----------+-------------------------------------------
     0 | D:1      | spaghetti the Barachi Summoner began the quest for the Orb.
     0 | D:1      | Reached XP level 1. HP: 13/13 MP: 3/3
     0 | D:1      | magus.rc [v1.9.6]
    40 | D:1      | Found Cobbyusa's Book Emporium.
   123 | D:1      | Found Dijys's Armour Shoppe.
   137 | D:1      | Reached skill level 5 in Summonings
   369 | D:1      | Found Ocrud's Weapon Shop.
   504 | D:1      | Found a faded altar of an unknown god.
   519 | D:1      | You pick up a book of Air and begin reading...
   519 | D:1      | You add the spells Shock, Swiftness and Airstrike to your
                  | library.
   554 | D:1      | Reached XP level 2. HP: 19/19 MP: 1/5
   849 | D:2      | Identified a scroll of acquirement
   849 | D:2      | Acquired the +0 buckler of the Bull {Will- Str+3 Dex+7}
   850 | D:2      | HP: 4/19 [poisoned by an adder]
  1312 | D:2      | You fall into a shaft and drop 1 floor!
  1362 | D:3      | Reached XP level 3. HP: 21/24 MP: 2/6
  1477 | D:3      | Learned a level 3 spell: Call Canine Familiar
  1630 | D:3      | Reached skill level 3 in Dodging
  1630 | D:3      | Reached skill level 1 in Air Magic
  2293 | D:3      | Reached XP level 4. HP: 22/30 MP: 3/7
  2727 | D:4      | Found an opulent altar of Gozag.
  2732 | D:4      | Became a worshipper of Gozag Ym Sagoz the Greedy
  2758 | D:4      | Found a staircase to the Ecumenical Temple.
  2796 | D:4      | HP: 7/30 [orc priest/divine providence (10)]
  2798 | D:4      | HP: 1/30 [orc priest/+0 hand axe (3)]
  2804 | D:4      | Reached skill level 4 in Dodging
  2804 | D:4      | Reached skill level 6 in Summonings
  2804 | D:4      | Reached skill level 2 in Air Magic
  2804 | D:4      | Reached XP level 5. HP: 1/35 MP: 3/8
  3905 | D:2      | Found a runed translucent door.
  3906 | D:2      | Noticed Crazy Yiuf
  3991 | D:2      | Killed Crazy Yiuf
  4119 | D:4      | Reached XP level 6. HP: 12/41 MP: 5/9
  4119 | D:4      | HP: 9/41 [poisoned by a scorpion]
  4123 | D:4      | HP: 4/41 [poisoned by a scorpion]
  4125 | D:4      | HP: 1/41 [poisoned by a scorpion]
  4522 | D:4      | Reached skill level 5 in Dodging
  4522 | D:4      | Reached skill level 3 in Air Magic
  4527 | D:4      | Learned a level 4 spell: Summon Lightning Spire
  4961 | D:4      | You add the spells Ozocubu's Armour and Ozocubu's
                  | Refrigeration to your library.
  5045 | D:4      | Reached XP level 7. HP: 46/46 MP: 5/10
  5343 | D:4      | Noticed a nameless horror
  5347 | D:4      | Reached skill level 6 in Dodging
  5355 | D:4      | Killed a nameless horror
  6063 | D:5      | Entered Level 5 of the Dungeon
  6070 | D:5      | Reached skill level 7 in Summonings
  6166 | D:5      | Found a burning altar of Makhleb.
  6898 | D:5      | Reached skill level 4 in Air Magic
  7118 | D:5      | You pick up a book of Cantrips and begin reading...
  7118 | D:5      | You add the spells Animate Skeleton and Apportation to your
                  | library.
  7120 | D:5      | Gained mutation: Your mind is acute. (Int +2) [potion of
                  | mutation]
  7120 | D:5      | Gained mutation: You have a somewhat thin skeletal
                  | structure. (Dex +2, Stealth+) [potion of mutation]
  7235 | D:5      | Reached skill level 7 in Dodging
  7235 | D:5      | Reached XP level 8. HP: 52/52 MP: 2/11
  7491 | D:5      | Noticed Ijyb
  7513 | D:5      | Killed Ijyb
  7925 | D:1      | Bought a +6 quick blade for 517 gold pieces
  7925 | D:1      | K - a +6 quick blade {shortrare=g}
  8032 | D:1      | your +6 quick blade {shortrare=g} glows red for a moment.
  8033 | D:1      | K - a +7 quick blade (weapon) {shortrare=g}
  8321 | D:6      | Found a white marble altar of Elyvilon.
  8358 | D:6      | HP: 12/52 [steam dragon] (6)]
  8361 | D:6      | Reached skill level 1 in Short Blades
  8361 | D:6      | Reached skill level 5 in Air Magic
  8397 | D:6      | Reached skill level 2 in Short Blades
  8397 | D:6      | Reached skill level 8 in Dodging
  8397 | D:6      | Reached skill level 8 in Summonings
  8731 | D:6      | Reached skill level 3 in Short Blades
  8841 | D:6      | Noticed Blork the orc
  8860 | D:6      | Killed Blork the orc
  8933 | D:6      | Noticed Maggie
  8942 | D:6      | Noticed a nameless horror
  8956 | D:6      | Killed a nameless horror
  8971 | D:6      | HP: 2/52 [Maggie/+1 halberd of pain (19)]
  8976 | D:6      | Killed Maggie
  8977 | D:6      | Reached skill level 4 in Short Blades
  8977 | D:6      | Reached skill level 6 in Air Magic
  8977 | D:6      | Reached XP level 9. HP: 3/57 MP: 1/12
  9333 | D:6      | Noticed Edmund
  9347 | D:6      | Killed Edmund
  9435 | D:6      | Reached skill level 5 in Short Blades
  9560 | D:6      | Reached skill level 7 in Air Magic
  9828 | D:6      | Reached skill level 6 in Short Blades
  9959 | D:6      | your +7 quick blade {shortrare=g} is engulfed in flames!
  9959 | D:6      | K - a +7 quick blade of flaming (weapon) {shortrare=g}
 10020 | D:7      | Reached skill level 8 in Air Magic
 10108 | D:7      | Reached skill level 7 in Short Blades
 10153 | D:7      | Noticed Joseph
 10164 | D:7      | Noticed a nameless horror
 10218 | D:7      | Killed a nameless horror
 10232 | D:7      | Killed Joseph
 10233 | D:7      | Reached skill level 8 in Short Blades
 10233 | D:7      | Reached XP level 10. HP: 39/63 MP: 1/13
 10465 | D:7      | Noticed Dowan
 10466 | D:7      | Noticed Duvessa
 10469 | D:7      | Noticed Menkaure
 10475 | D:7      | Killed Dowan
 10480 | D:7      | Killed Duvessa
 10487 | D:7      | HP: 11/63 [??? (8)]
 10488 | D:7      | Killed Menkaure
 10489 | D:7      | Reached skill level 9 in Dodging
 10776 | D:7      | Identified the +5 mace of Batonef {vorpal, Str+3}
 10986 | D:7      | You pick up a book of Touch and begin reading...
 10986 | D:7      | You add the spells Static Discharge, Sticky Flame and
                  | Dispel Undead to your library.
 11004 | D:7      | You add the spells Ensorcelled Hibernation, Cause Fear and
                  | Summon Forest to your library.
 11004 | D:7      | Got Pyamon's Grimoire of Twisted Curses
 11005 | D:7      | your +7 quick blade of flaming {shortrare=g} glows red for
                  | a moment.
 11012 | D:7      | Learned a level 5 spell: Summon Forest
 11635 | D:1      | Bought a +0 helmet for 49 gold pieces
 11792 | D:8      | Found a flagged portal.
 11822 | Bailey   | Entered a bailey
 11942 | Bailey   | Reached skill level 10 in Dodging
 12336 | Bailey   | Reached skill level 9 in Summonings
 12528 | Bailey   | Noticed an orc knight
 12557 | Bailey   | Killed an orc knight
 12769 | Bailey   | Noticed an orc warlord
 12785 | Bailey   | Reached skill level 11 in Dodging
 12794 | Bailey   | Reached skill level 10 in Summonings
 12816 | Bailey   | Killed an orc warlord
 12817 | Bailey   | Reached XP level 11. HP: 49/68 MP: 1/14
 12817 | Bailey   | your +8 quick blade of flaming {shortrare=g} glows red for
                  | a moment.
 12818 | Bailey   | your +9 quick blade of flaming {shortrare=g} projects an
                  | invisible shield of force!
 12818 | Bailey   | K - a +9 quick blade of protection (weapon) {shortrare=g}
 13205 | D:8      | Reached skill level 11 in Summonings
 13525 | D:8      | Found a glowing golden altar of the Shining One.
 13526 | D:8      | Found a shimmering altar of Xom.
 13657 | D:9      | Reached skill level 1 in Fighting
 13893 | D:9      | Reached skill level 2 in Fighting
 13918 | D:9      | Bought a crude helmet for 266 gold pieces
 13918 | D:9      | Identified the +0 helmet of Elyvilon's Pride {rElec rPois}
                  | (You bought it in a shop on level 9 of the Dungeon)
 13930 | D:9      | Bought a pair of runed gloves for 210 gold pieces
 14018 | D:9      | Found a blossoming altar of Fedhas.
 14387 | D:9      | Acquired Hucwo's Compendium of Attacks and Changing
 14388 | D:9      | You add the spells Sting, Mephitic Cloud, Fireball,
                  | Iskenderun's Battlesphere, Alistair's Intoxication,
                  | Spellforged Servitor and Chain Lightning to your library.
 14526 | D:10     | Entered Level 10 of the Dungeon
 14618 | D:10     | Noticed a two-headed ogre
 14631 | D:10     | Killed a two-headed ogre
 14632 | D:10     | Reached skill level 3 in Fighting
 14632 | D:10     | Reached skill level 12 in Dodging
 14634 | D:10     | Reached skill level 1 in Conjurations
 14699 | D:10     | Noticed a deep elf pyromancer
 14708 | D:10     | Killed a deep elf pyromancer
 14830 | D:9      | Reached skill level 4 in Fighting
 15030 | D:9      | Identified the +0 leather armour of Salvation {Str+4}
 15087 | D:9      | Noticed a two-headed ogre
 15090 | D:9      | Reached skill level 2 in Conjurations
 15114 | D:9      | Killed a two-headed ogre
 15115 | D:9      | Reached skill level 5 in Fighting
 15402 | D:9      | Noticed Pikel
 15409 | D:9      | Killed Pikel
 15509 | D:9      | Noticed a cyan ugly thing
 15511 | D:9      | Noticed a two-headed ogre
 15517 | D:9      | Killed a two-headed ogre
 15547 | D:9      | Killed a cyan ugly thing
 15548 | D:9      | Reached skill level 6 in Fighting
 15548 | D:9      | Reached skill level 3 in Conjurations
 15548 | D:9      | Reached XP level 12. HP: 61/88 MP: 7/15
 15911 | D:10     | Found an ornate altar of the Wu Jian Council.
 15911 | D:10     | Found a hazy altar of Hepliaklqana.
 16282 | D:10     | Found a portal to a secret trove of treasure.
 16648 | D:10     | Reached skill level 9 in Air Magic
 16777 | D:10     | This trove needs the horn of Geryon to function. Give it
                  | the item?
 17260 | D:11     | Reached skill level 7 in Fighting
 17260 | D:11     | Reached skill level 12 in Summonings
 17261 | D:11     | Found a frozen archway.
 17270 | D:11     | Noticed a death knight
 17300 | D:11     | Reached skill level 4 in Conjurations
 17374 | D:11     | HP: 19/91 [??? (16)]
 17385 | D:11     | Killed a death knight
 17386 | D:11     | Reached skill level 3 in Spellcasting
 17395 | D:11     | Reached skill level 13 in Dodging
 17708 | IceCv    | Entered an ice cave
 17805 | IceCv    | Reached skill level 8 in Fighting
 18736 | IceCv    | Identified a +0 crystal plate armour of cold resistance
 18737 | IceCv    | Z - a +0 crystal plate armour of cold resistance {rare=g}
 18775 | IceCv    | HP: 17/94 [entropy weaver simulacrum (17)]
 18795 | IceCv    | Reached skill level 5 in Conjurations
 19231 | IceCv    | Reached skill level 9 in Fighting
 19290 | IceCv    | Found the +4 skin of Zhor {*Englaciate rC+++ SInv}
 19337 | IceCv    | Identified a potion of experience
 19337 | IceCv    | Reached skill level 8 in Armour
 19337 | IceCv    | Gained mutation: You can hop long distances. [Barachi
                  | growth]
 19337 | IceCv    | Reached XP level 13. HP: 101/101 MP: 18/18
 19392 | D:11     | HP: 20/101 [orc warrior/+0 dire flail of holy wrath (14)]
 19445 | D:12     | Reached skill level 4 in Spellcasting
 19445 | D:12     | Reached XP level 14. HP: 43/108 MP: 11/20
 19762 | D:12     | Found a staircase to the Orcish Mines.
 20442 | D:12     | HP: 9/108 [titanic slime creature (86)]
 20449 | D:12     | Reached skill level 10 in Air Magic
 21018 | D:12     | Reached skill level 10 in Fighting
 21018 | D:12     | Reached skill level 14 in Dodging
 21028 | D:12     | Acquired 486 gold pieces
 21180 | D:12     | Noticed a cyan very ugly thing
 21199 | D:12     | Reached skill level 6 in Conjurations
 21225 | D:12     | Killed a cyan very ugly thing
 21514 | D:12     | your +9 quick blade of protection {shortrare=g} craves
                  | living souls!
 21514 | D:12     | K - a +9 quick blade of draining (weapon) {shortrare=g}
 21645 | D:12     | Reached skill level 5 in Spellcasting
 21755 | Orc:1    | Entered Level 1 of the Orcish Mines
 21914 | Orc:1    | Found a radiant altar of Vehumet.
 22050 | Orc:2    | Entered Level 2 of the Orcish Mines
 22050 | Orc:2    | Found a staircase to the Elven Halls.
 22056 | Orc:2    | Noticed Urug
 22075 | Orc:2    | Killed Urug
 22109 | Orc:2    | Noticed Maurice
 22484 | Orc:2    | Killed Maurice
 22681 | Orc:2    | Reached skill level 1 in Translocations
 22825 | Orc:2    | Noticed Josephine
 22839 | Orc:2    | Killed Josephine
 23038 | Orc:2    | Found Raxa's Book Emporium.
 23038 | Orc:2    | Found Tistibi's Book Shoppe.
 23072 | Orc:2    | Reached skill level 11 in Fighting
 23076 | Orc:2    | Reached skill level 2 in Translocations
 23633 | Orc:2    | Reached skill level 7 in Conjurations
 23633 | Orc:2    | Reached skill level 3 in Translocations
 23676 | Orc:2    | Reached XP level 15. HP: 109/120 MP: 16/23
 23750 | Orc:2    | Reached skill level 15 in Dodging
 23750 | Orc:2    | Reached skill level 6 in Spellcasting
 23780 | Orc:2    | Found Agokloxe's Antique Armour Boutique.
 23789 | Orc:2    | Found Ybiem's Distillery.
 24160 | D:13     | Reached skill level 11 in Air Magic
 24251 | D:13     | Identified a +0 crystal plate armour
 24260 | D:13     | 6 gold pieces; a +0 dagger {short}; a +0 crystal plate
                  | armour {rare=g}
 24322 | D:13     | w - a +0 crystal plate armour {rare=g}
 24437 | D:13     | Found a runed translucent gate.
 24437 | D:13     | Found a runed translucent gate.
 24437 | D:13     | Noticed Taurus's ghost (journeyman MiBe)
 24438 | D:13     | Found a runed translucent gate.
 24457 | D:13     | Identified the +1 scale mail of Philately {rPois}
 24461 | D:13     | You add the spells Tukima's Dance, Passage of Golubria and
                  | Yara's Violent Unravelling to your library.
 24661 | D:13     | Reached skill level 12 in Fighting
 24687 | D:13     | Reached skill level 4 in Translocations
 24962 | D:13     | Noticed Azrael
 25003 | D:13     | HP: 9/120 [Azrael/bolt of fire (40)]
 25018 | D:13     | Killed Azrael
 26248 | Orc:2    | Bought a Fen Folio for 588 gold pieces
 26248 | Orc:2    | You add the spells Eringya's Noxious Bog and Summon Hydra
                  | to your library.
 26256 | Orc:2    | Learned a level 7 spell: Summon Hydra
 26270 | Orc:2    | Bought the amulet of Efex {Acrobat Str+4} for 771 gold
                  | pieces
 26278 | Orc:2    | You drop a +9 quick blade of draining {shortrare=g}.
 26299 | Orc:2    | K - a +9 quick blade of draining {shortrare=g}
 26300 | Orc:2    | K - a +9 quick blade of draining (weapon) {shortrare=g}
 26304 | Orc:2    | You drop a +0 crystal plate armour {rare=g}.
 26306 | Orc:2    | w - a +0 crystal plate armour {rare=g}
 26310 | Orc:2    | You drop a +0 crystal plate armour {rare=g}.
 26317 | Orc:2    | w - a +0 crystal plate armour {rare=g}
 26770 | D:11     | Reached skill level 5 in Translocations
 26885 | D:10     | You drop a +0 crystal plate armour {rare=g}.
 26886 | D:10     | w - a +0 crystal plate armour {rare=g}
 26895 | D:11     | Found a staircase to the Lair.
 26985 | D:11     | You pick up a book of Debilitation and begin reading...
 26985 | D:11     | You add the spells Slow, Vampiric Draining and Confusing
                  | Touch to your library.
 27159 | Lair:1   | Entered Level 1 of the Lair of Beasts
 28570 | Lair:2   | Acquired 796 gold pieces
 28651 | Lair:2   | You fall into a shaft and drop 2 floors!
 28897 | Lair:4   | You pick up a book of Weapons and begin reading...
 28897 | Lair:4   | You add the spells Portal Projectile, Excruciating Wounds
                  | and Blade Hands to your library.
 28937 | Lair:4   | Found a hole to the Spider Nest.
 29281 | Lair:4   | Reached skill level 7 in Spellcasting
 29595 | Lair:4   | Identified the +5 scale mail of Gozag's Envy {rCorr}
 29857 | Lair:5   | Reached skill level 13 in Fighting
 29921 | Lair:5   | Reached skill level 8 in Conjurations
 29996 | Lair:5   | Reached skill level 13 in Summonings
 30266 | Lair:5   | Reached XP level 16. HP: 108/131 MP: 26/26
 30366 | Lair:5   | Reached skill level 16 in Dodging
 30695 | Lair:5   | Found a staircase to the Slime Pits.
 31313 | Lair:6   | Entered Level 6 of the Lair of Beasts
 32074 | Lair:6   | Found an iron altar of Okawaru.
 32655 | Lair:6   | Found a large runed translucent door.
 32660 | Lair:6   | Found a large runed translucent door.
 32729 | Lair:6   | Reached skill level 12 in Air Magic
 32736 | Lair:6   | Reached skill level 14 in Fighting
 33027 | Lair:6   | You pick up a book of Blood and begin reading...
 33027 | Lair:6   | You add the spells Sublimation of Blood and Wereblood to
                  | your library.
 33031 | Lair:6   | You pick up a book of Touch and begin reading...
 33524 | Lair:4   | Bought +0 gold dragon scales for 1440 gold pieces
 33524 | Lair:4   | N - +0 gold dragon scales {rare}
 33540 | Spider:1 | Entered Level 1 of the Spider Nest
 33858 | Spider:1 | Reached skill level 9 in Armour
 34069 | Spider:1 | Reached skill level 14 in Summonings
 34208 | Spider:1 | Identified the +4 robe of Day {*Corrode Will+ Dex+4 Stlth+}
 34658 | Spider:1 | Reached skill level 8 in Spellcasting
 34909 | Spider:1 | Reached skill level 9 in Conjurations
 35529 | Spider:1 | You pick up a book of Weapons and begin reading...
 36073 | Lair:3   | Found a staircase to the Swamp.
 36430 | Lair:3   | Reached XP level 17. HP: 126/140 MP: 23/29
 36651 | Lair:3   | You pick up a book of Ice and begin reading...
 36651 | Lair:3   | You add the spells Freezing Cloud, Simulacrum and Polar
                  | Vortex to your library.
 37206 | Lair:2   | You pick up a book of Debilitation and begin reading...
 37557 | Orc:2    | Bought a +6 ring of strength for 994 gold pieces
 37569 | Orc:2    | You finish putting on your +0 gold dragon scales {rare}.
 37569 | Orc:2    | your +0 gold dragon scales {rare} glow green for a moment.
 37570 | Orc:2    | your +1 gold dragon scales {rare} glow green for a moment.
 37571 | Orc:2    | your +2 gold dragon scales {rare} glow green for a moment.
 37572 | Orc:2    | your +3 gold dragon scales {rare} glow green for a moment.
 37573 | Orc:2    | You drop a +0 crystal plate armour {rare=g}.
 37577 | Orc:2    | You drop a +0 crystal plate armour of cold resistance
                  | {rare=g}.
 37589 | Orc:2    | Bought a pair of boots for 135 gold pieces
 37605 | Orc:2    | Z - a +0 crystal plate armour of cold resistance {rare=g}
 37605 | Orc:2    | z - a +0 crystal plate armour {rare=g}
 37990 | Elf:1    | Entered Level 1 of the Elven Halls
 38160 | Elf:1    | Reached skill level 10 in Armour
 38181 | Elf:1    | Reached skill level 17 in Dodging
 38218 | Elf:1    | You finish taking off your +4 gold dragon scales {rare}.
 38223 | Elf:1    | You finish putting on your +0 crystal plate armour
                  | {rare=g}.
 38228 | Elf:1    | You finish taking off your +0 crystal plate armour
                  | {rare=g}.
 38233 | Elf:1    | You finish putting on your +4 gold dragon scales {rare}.
 38233 | Elf:1    | You drop a +0 crystal plate armour {rare=g}.
 38234 | Elf:1    | You drop a +0 crystal plate armour of cold resistance
                  | {rare=g}.
 38296 | Elf:1    | Z - a +0 crystal plate armour of cold resistance {rare=g}
 38296 | Elf:1    | z - a +0 crystal plate armour {rare=g}
 38463 | Elf:1    | Noticed an Ice Fiend
 38777 | Elf:1    | Got the Compendium of Companions
 38779 | Elf:1    | You pick up a book of Scorching and begin reading...
 38779 | Elf:1    | You add the spells Scorch and Flame Wave to your library.
 38791 | Elf:1    | Reached skill level 15 in Fighting
 39107 | Elf:1    | Identified the +10 kite shield of Apathy {rPois Will-
                  | Slay+3}
 39461 | Elf:1    | You are cast into the Abyss!
 39461 | Elf:1    | Cast into level 3 of the Abyss (a deep elf sorcerer)
 40314 | Abyss:3  | Noticed a bone dragon
 40338 | Abyss:3  | Noticed an Executioner
 40345 | Abyss:3  | Noticed a tentacled starspawn
 40363 | Abyss:3  | Found a corrupted altar of Lugonu.
 40365 | Abyss:3  | HP: 30/142 [bone dragon (7)]
 40369 | Abyss:3  | Noticed a tentacled starspawn
 40559 | Abyss:3  | HP: 28/142 [smoke demon/divine providence (14)]
 40578 | Abyss:4  | Noticed a tentacled starspawn
 40593 | Abyss:4  | Killed a tentacled starspawn
 40611 | Abyss:5  | Entered Level 5 of the Abyss
 40666 | Abyss:5  | Noticed a tentacled starspawn
 40671 | Abyss:5  | Found a corrupted altar of Lugonu.
 40676 | Abyss:5  | Found a corrupted altar of Lugonu.
 40697 | Abyss:5  | Noticed a tentacled starspawn
 40702 | Abyss:5  | Killed a tentacled starspawn
 40862 | Abyss:5  | Noticed a tentacled starspawn
 40874 | Abyss:5  | Killed a tentacled starspawn
 41112 | Elf:1    | You pass through the gate.
 41112 | Elf:1    | Escaped the Abyss
 41862 | Orc:2    | You drop a +0 crystal plate armour {rare=g}.
 41863 | Orc:2    | You drop a +0 crystal plate armour of cold resistance
                  | {rare=g}.
 41864 | Orc:2    | Z - a +0 crystal plate armour of cold resistance {rare=g}
 41864 | Orc:2    | z - a +0 crystal plate armour {rare=g}
 41866 | Orc:2    | You drop a +0 crystal plate armour {rare=g}.
 41867 | Orc:2    | You drop a +0 crystal plate armour of cold resistance
                  | {rare=g}.
 41891 | Orc:2    | Upgraded the game from 0.29-a0-341-g24ffce5b50 to
                  | 0.29-a0-344-ge2f44be95a
 41891 | Orc:2    | magus.rc [v1.9.6]
 41892 | Orc:2    | Z - a +0 crystal plate armour of cold resistance {rare=g}
 41892 | Orc:2    | z - a +0 crystal plate armour {rare=g}
 42105 | Elf:1    | HP: 26/142 [+1 halberd of venom (14)]
 42514 | Elf:1    | Reached skill level 15 in Summonings
 42670 | Elf:2    | Found Qoempiuh's Armour Shoppe.
 42673 | Elf:2    | You pick up a book of Maledictions and begin reading...
 42673 | Elf:2    | You add the spells Anguish and Enfeeble to your library.
 42688 | Elf:2    | Reached skill level 1 in Shields
 44016 | Elf:1    | Reached skill level 2 in Shields
 45831 | Elf:2    | Reached skill level 6 in Translocations
 45874 | Elf:2    | You pick up a book of the Hunter and begin reading...
 46521 | Elf:2    | Found Beoreub's General Store.
 46527 | Elf:2    | Bought a scroll of blinking for 157 gold pieces
 46527 | Elf:2    | Bought a scroll of teleportation for 63 gold pieces
 46622 | Elf:2    | Found a runed translucent gate.
 46622 | Elf:2    | Found a runed translucent gate.
 46700 | Elf:2    | Found a runed translucent gate.
 47254 | D:14     | Reached skill level 11 in Armour
 47394 | D:14     | HP: 34/142 [vault guard/+0 battleaxe (15)]
 47704 | D:14     | Learned a level 3 spell: Swiftness
 47792 | D:14     | Reached skill level 9 in Spellcasting
 47900 | D:14     | Reached skill level 10 in Conjurations
 48088 | D:14     | Found a gate to the Vaults.
 48110 | D:14     | your +4 gold dragon scales {rare} glow green for a moment.
 48346 | D:14     | Found a blossoming altar of Fedhas.
 48860 | D:14     | You add the spells Poisonous Vapours and Olgreb's Toxic
                  | Radiance to your library.
 48890 | D:15     | Entered Level 15 of the Dungeon
 49027 | D:15     | Reached XP level 18. HP: 151/151 MP: 23/31
 49203 | D:15     | Noticed Rupert
 49220 | D:15     | Killed Rupert
 49452 | D:15     | Found a shadowy altar of Dithmenos.
 49829 | D:15     | Found a staircase to the Depths.
 50051 | D:15     | Reached skill level 16 in Fighting
 50353 | D:15     | Noticed Louise
 50353 | D:15     | You are cast into the Abyss!
 50353 | D:15     | Cast into level 2 of the Abyss (Louise)
 50353 | Abyss:2  | Found a corrupted altar of Lugonu.
 50389 | D:15     | You pass through the gate.
 50389 | D:15     | Escaped the Abyss
 50457 | D:15     | Killed Louise
 50702 | D:15     | Identified Roxanne's Volume of Transformation
 50702 | D:15     | Noticed Roxanne
 52136 | Spider:2 | Reached skill level 16 in Summonings
 52359 | Spider:2 | You drop a +0 crystal plate armour {rare=g}.
 52364 | Spider:2 | You drop a +0 crystal plate armour of cold resistance
                  | {rare=g}.
 52365 | Spider:2 | Z - a +0 crystal plate armour of cold resistance {rare=g}
 52365 | Spider:2 | z - a +0 crystal plate armour {rare=g}
 53252 | Spider:2 | Reached skill level 12 in Armour
 53504 | Spider:2 | Noticed Arachne
 53684 | Spider:2 | HP: 37/153 [entropy weaver (8)]
 53692 | Spider:2 | HP: 35/153 [entropy weaver (3)]
 53704 | Spider:2 | HP: 23/153 [Arachne/staff of poison (16)]
 53721 | Spider:2 | Killed Arachne
 55428 | Spider:3 | Noticed Jorgrun
 55452 | Spider:3 | Killed Jorgrun
 55453 | Spider:3 | Reached skill level 17 in Summonings
 55671 | Spider:3 | Noticed Asterion
 55693 | Spider:3 | Killed Asterion
 56135 | Spider:4 | Entered Level 4 of the Spider Nest
 57894 | Spider:3 | Noticed Aizul
 57916 | Spider:3 | Killed Aizul
 57918 | Spider:3 | Reached skill level 18 in Summonings
 59003 | Spider:4 | Reached XP level 19. HP: 159/159 MP: 23/32
 59902 | Spider:4 | Noticed Nikola
 60242 | Elf:3    | Entered Level 3 of the Elven Halls
 60305 | Elf:3    | Paralysed by an air elemental for 1 turns
 60720 | Elf:3    | You are cast into the Abyss!
 60720 | Elf:3    | Cast into level 2 of the Abyss (a deep elf sorcerer)
 60838 | Abyss:3  | Gained mutation: Your magical capacity is low. (-10% MP) [a
                  | neqoxec]
 60845 | Elf:3    | You pass through the gate.
 60845 | Elf:3    | Escaped the Abyss
 60870 | Elf:3    | You are cast into the Abyss!
 60870 | Elf:3    | Cast into level 2 of the Abyss (a deep elf demonologist)
 61071 | Elf:3    | You pass through the gate.
 61071 | Elf:3    | Escaped the Abyss
 61118 | Elf:3    | Reached skill level 19 in Summonings
 61854 | Elf:3    | You are cast into the Abyss!
 61854 | Elf:3    | Cast into level 3 of the Abyss (a deep elf demonologist)
 62062 | Abyss:4  | Noticed a bone dragon
 62153 | Abyss:4  | Gained mutation: You occasionally shout uncontrollably at
                  | your foes. [a neqoxec]
 62154 | Abyss:4  | Gained mutation: Armour fits poorly on your strangely
                  | shaped body. [a neqoxec]
 62859 | Abyss:5  | Entered Level 5 of the Abyss
 63068 | Abyss:5  | Paralysed by accursed screaming for 1 turns
 63189 | Abyss:5  | HP: 36/159 [ancient zyme (11)]
 63193 | Abyss:5  | Noticed a bone dragon
 63200 | Abyss:5  | Found a corrupted altar of Lugonu.
 63208 | Elf:3    | You pass through the gate.
 63208 | Elf:3    | Escaped the Abyss
 63872 | Depths:1 | Entered Level 1 of the Depths
 64004 | Depths:1 | Found a one-way gate to the infinite horrors of the Abyss.
 64498 | Swamp:1  | Entered Level 1 of the Swamp
 64620 | Lair:3   | Lost mutation: Your magical capacity is very low. (-20% MP)
                  | [potion of mutation]
 64620 | Lair:3   | Lost mutation: Your mind is acute. (Int +2) [potion of
                  | mutation]
 64620 | Lair:3   | Lost mutation: Armour fits poorly on your strangely shaped
                  | body. [potion of mutation]
 64620 | Lair:3   | Gained mutation: You are partially covered in iridescent
                  | scales. (AC +2) [potion of mutation]
 64620 | Lair:3   | Gained mutation: You are resistant to electric shocks.
                  | (rElec) [potion of mutation]
 64902 | Lair:3   | HP: 38/159 [ghoul (9)]
 64904 | Lair:3   | HP: 16/159 [ghoul (15)]
 64921 | Lair:3   | HP: 21/159 [ghoul (14)]
 66872 | Spider:3 | your +5 gold dragon scales {rare} glow green for a moment.
 67481 | Spider:3 | HP: 31/159 [Nikola/bolt of lightning (14)]
 67483 | Spider:3 | Killed Nikola
 69382 | Spider:4 | Reached skill level 20 in Summonings
 71794 | Spider:4 | Got a gossamer rune of Zot
 72142 | Vaults:1 | Entered Level 1 of the Vaults
 72396 | Vaults:1 | Reached skill level 21 in Summonings
 72423 | Vaults:1 | HP: 23/159 [dire elephant (24)]
 74168 | Vaults:1 | Found the +18 shield of the Gong {rElec rN+ Will+ EV-5}
 74391 | Vaults:1 | Paralysed by a great orb of eyes for 3 turns
 74433 | Vaults:1 | HP: 15/159 [yaktaur captain (34)]
 74442 | Vaults:1 | HP: 45/238 [yaktaur captain (15)]
 74448 | Vaults:1 | Reached skill level 22 in Summonings
 74449 | Vaults:1 | HP: 21/238 [orc knight/+3 war axe (26)]
 75974 | Vaults:1 | Found a runed translucent gate.
 75975 | Vaults:1 | Found a runed translucent gate.
 75975 | Vaults:1 | Found a runed translucent gate.
 75975 | Vaults:1 | Noticed spaghetti's ghost (adept OpCj)
 75975 | Vaults:1 | Identified the -1 kite shield "Zuli" {Harm Stlth+}
 76342 | Vaults:1 | Reached XP level 20. HP: 157/166 MP: 16/33
 77733 | Vaults:1 | HP: 37/166 [orc knight/+0 battleaxe (24)]
 77735 | Vaults:1 | HP: 13/166 [vault warden/stone (17)]
 77742 | Vaults:1 | HP: 30/249 [orc knight/+0 dire flail (25)]
 77751 | Vaults:1 | HP: 17/249 [orc warlord/+2 dire flail of protection (14)]
 77777 | Vaults:1 | Reached skill level 23 in Summonings
 77786 | Vaults:1 | HP: 31/166 [orc warlord/+2 dire flail of protection (25)]
 78524 | Vaults:1 | Killed spaghetti's ghost
 78561 | Vaults:1 | HP: 41/166 [orc warlord/+0 morningstar (14)]
 78566 | Vaults:1 | HP: 25/166 [orc warlord/+0 morningstar (18)]
 78904 | Vaults:1 | Glimpsed the power of Zot.
 80323 | Vaults:2 | You pick up a book of Conjurations {@e2} and begin
                  | reading...
 80323 | Vaults:2 | You add the spells Magic Dart, Searing Ray and Fulminant
                  | Prism to your library.
 80381 | Vaults:2 | Reached skill level 24 in Summonings
 80465 | Vaults:2 | Reached skill level 10 in Spellcasting
 80506 | Vaults:2 | HP: 33/166 [orc knight/+0 great sword (38)]
 80509 | Vaults:2 | HP: 15/166 [orc knight/+0 great sword (19)]
 80515 | Vaults:2 | HP: 13/166 [yaktaur/bolt[a vault warden] (7)]
 80521 | Vaults:2 | HP: 37/166 [yaktaur/bolt[a vault warden] (6)]
 80595 | Vaults:2 | HP: 37/166 [ettin/+0 dire flail (12)]
 81821 | Vaults:2 | You fall into a shaft and drop 1 floor!
 83208 | Vaults:3 | Reached skill level 25 in Summonings
 83680 | Vaults:3 | Reached XP level 21. HP: 172/172 MP: 2/35
 83716 | Vaults:3 | You drop a +0 crystal plate armour {rare=g}.
 83719 | Vaults:3 | You drop a +0 crystal plate armour of cold resistance
                  | {rare=g}.
 84495 | Vaults:3 | You pick up a book of Power and begin reading...
 84970 | Vaults:3 | Reached skill level 26 in Summonings
 85678 | Vaults:3 | HP: 41/172 [vault warden/+8 vorpal battleaxe (4)]
 85680 | Vaults:3 | You are cast into the Abyss!
 85680 | Vaults:3 | Cast into level 3 of the Abyss (a deep elf sorcerer)
 85934 | Abyss:3  | HP: 41/172 [starcursed mass/accursed screaming (7)]
 85955 | Abyss:3  | HP: 39/172 [starcursed mass/accursed screaming (6)]
 86347 | Abyss:4  | HP: 38/172 [meliai/divine providence (12)]
 86350 | Abyss:4  | HP: 8/172 [meliai/divine providence (12)]
 86353 | Abyss:4  | Killed from afar by a meliai

Vanquished Creatures
  Nikola (Spider:3)
  A tentacled monstrosity (Vaults:3)
  Rupert (D:15)
  A quicksilver dragon (Abyss:4)
  Asterion (Spider:3)
  2 tentacled starspawn
  A sphinx (Vaults:1)
  2 deep elf sorcerers (Elf:3)
  8 emperor scorpions
  9 ghost moths
  2 orc warlords
  5 vault wardens
  2 broodmothers
  A ghoul (Lair:3)
  4 ironbound preservers
  A deep elf elementalist (Elf:1)
  4 very ugly things
  4 stone giants
  2 deep elf demonologists
  A spark wasp (Spider:4)
  An entropy weaver (Spider:3)
  5 dire elephants
  2 fire dragons
  An ettin (Vaults:1)
  A yaktaur captain (Vaults:2)
  A great orb of eyes (Vaults:1)
  8 vault guards
  5 boulder beetles
  14 hydras
  An ogre mage (Orc:2)
  3 ironbound frosthearts (Vaults:1)
  2 radroaches
  An alligator (Swamp:1)
  9 two-headed ogres
  5 centaur warriors
  An orc high priest (Orc:2)
  5 thrashing horrors
  Urug (Orc:2)
  A sun demon (Abyss:5)
  5 wretched stars
  3 deep elf knights (Elf:1)
  A spatial maelstrom (Abyss:5)
  2 sixfirhies
  2 sun moths
  2 pharaoh ants (Spider:1)
  A goliath frog (Swamp:1)
  24 deep trolls
  2 steelbarb worms (Spider:2)
  A bog body (Swamp:1)
  7 large abominations
  4 wizards
  A deep elf archer (Elf:1)
  A glowing orange brain (Vaults:1)
  An orb spider (Spider:1)
  An anaconda skeleton (Abyss:3)
  2 orc knights (Vaults:1)
  3 ironbound convokers
  9 deep elf pyromancers
  13 deep elf zephyrmancers
  2 lindwurms (Vaults:2)
  20 ugly things
  A will-o-the-wisp (Abyss:3)
  2 manticores
  8 wolf spiders
  3 cyclopes
  An apocalypse crab (Abyss:3)
  4 elephants (Lair:6)
  A moth of wrath (Spider:4)
  3 vault sentinels
  4 black mambas
  Joseph (D:7)
  Maurice (Orc:2)
  A smoke demon (Abyss:3)
  A molten gargoyle (Lair:6)
  16 cane toads
  Maggie (D:6)
  A gargoyle (D:13)
  An unseen horror (D:11)
  A kobold demonologist (D:14)
  An efreet (Abyss:3)
  A rime drake (Lair:6)
  A hellion (Abyss:3)
  A guardian mummy (D:10)
  6 yaktaurs
  5 demonic crawlers
  An ice devil (IceCv)
  9 komodo dragons
  2 ancient zymes
  2 entropy weaver simulacra (IceCv)
  An anaconda simulacrum (IceCv)
  4 meliai (Spider:2)
  8 trolls
  A harpy zombie (Abyss:3)
  14 tarantellas
  A tyrant leech (Lair:3)
  A hornet (shapeshifter) (D:15)
  5 polar bears
  22 blink frogs
  4 hornets
  A raiju (Abyss:4)
  17 slime creatures
  A shadow (D:13)
  15 culicivoras
  14 jumping spiders
  44 yaks
  A ynoxinul (Abyss:4)
  2 air elementals
  10 wyverns
  2 fire elementals (D:13)
  6 water elementals
  5 wraiths
  6 basilisks
  3 vampire mosquitoes
  A chaos spawn (Abyss:5)
  19 redbacks
  3 swamp worms (Lair:3)
  A steam dragon (D:9)
  3 wargs
  A death yak simulacrum (IceCv)
  A harpy simulacrum (IceCv)
  4 hell hounds
  15 water moccasins
  13 nameless horrors
  16 orc warriors
  A black bear (Lair:2)
  A sky beast (D:6)
  11 ogres
  3 ice beasts
  6 centaurs
  2 wolves (Lair:1)
  A lemure (D:9)
  2 kobold brigands
  A phantom (D:6)
  3 small abominations
  A necrophage (D:7)
  Blork the orc (D:6)
  15 bullfrogs
  3 scorpions
  2 earth elementals
  4 two-headed ogre simulacra (IceCv)
  8 wights
  An elephant simulacrum (IceCv)
  11 killer bees
  2 electric eels (Spider:2)
  A howler monkey (D:9)
  3 lava snakes (Lair:6)
  3 starcursed masses
  9 jellies
  7 orc priests
  A hound (D:7)
  Crazy Yiuf (D:2)
  5 iguanas
  12 orc wizards
  6 spriggan simulacra (IceCv)
  A wolf simulacrum (IceCv)
  A polar bear simulacrum (IceCv)
  3 troll simulacra (IceCv)
  6 gnolls
  4 adders
  5 naga simulacra (IceCv)
  A river rat (D:4)
  A shadow imp (D:8)
  12 white imps
  5 ufetubi
  2 worms
  A dart slug (D:2)
  28 orcs
  An endoplasm (D:2)
  3 giant cockroaches
  2 goblins (Bailey)
  6 hobgoblins
  5 quokkas
  A ball python (D:3)
  A bat (D:2)
  2 frilled lizards
  9 kobolds
  A rat (D:3)
  A lurking horror (Abyss:5)
801 creatures vanquished.

Vanquished Creatures (collateral kills)
  Arachne (Spider:2)
  A tentacled monstrosity (Vaults:3)
  A shard shrike skeleton (Abyss:5)
  Jorgrun (Spider:3)
  4 tentacled starspawn
  2 sphinxes
  The ghost of spaghetti the Devastator, an adept OpCj of Jiyva (Vaults:1)
  5 emperor scorpions
  Louise (D:15)
  3 vault wardens
  Aizul (Spider:3)
  3 orc warlords
  A deep elf elementalist (Elf:1)
  3 deep elf sorcerers
  8 ironbound preservers
  2 ironbound thunderhulks (Vaults:1)
  2 very ugly things (Vaults:2)
  3 entropy weavers
  6 dire elephants
  A broodmother (Spider:1)
  Azrael (D:13)
  A deep elf death mage (Elf:1)
  A spark wasp (Spider:1)
  An ettin (Vaults:2)
  A fire dragon (D:15)
  Josephine (Orc:2)
  10 vault guards
  3 yaktaur captains (Vaults:1)
  9 boulder beetles
  2 ogre magi
  A spriggan skeleton (Abyss:2)
  3 hydras
  4 centaur warriors
  3 ironbound frosthearts
  A catoblepas (Lair:6)
  3 dancing weapons
  A radroach (Spider:3)
  An alligator (Swamp:1)
  3 death knights
  5 two-headed ogres (Orc:2)
  An orc high priest (Vaults:1)
  A soul eater (Vaults:3)
  2 large abominations
  22 slime creatures
  3 deep elf knights
  A hell knight (Abyss:3)
  A skeletal warrior (D:11)
  A spatial maelstrom (Abyss:3)
  3 pharaoh ants
  4 orb spiders
  24 deep trolls
  2 bog bodies (IceCv)
  4 deep elf archers (Elf:1)
  A steelbarb worm (Spider:2)
  Pikel (D:9)
  A phantasmal warrior (Abyss:3)
  A wizard (Vaults:3)
  7 orc knights
  10 deep elf zephyrmancers
  4 ironbound convokers
  7 deep elf pyromancers
  2 lindwurms
  An orc sorcerer (Orc:2)
  2 manticores (D:14)
  3 cyclopes
  12 ugly things
  10 wolf spiders
  2 black mambas (Lair:6)
  7 vault sentinels
  An ice statue (IceCv)
  3 torpor snails
  3 smoke demons
  An orange demon (Abyss:3)
  A molten gargoyle (Lair:6)
  A water nymph (shapeshifter) (Vaults:2)
  A cane toad (Lair:6)
  An ancient zyme (Abyss:3)
  A guardian mummy (D:10)
  A rime drake (Lair:3)
  23 yaktaurs
  An efreet (D:14)
  4 trolls
  6 komodo dragons
  A harpy zombie (Abyss:5)
  A queen bee (Spider:2)
  An ice devil (IceCv)
  2 meliai (Spider:2)
  4 tyrant leeches
  13 tarantellas
  4 blink frogs
  3 hornets
  16 jumping spiders
  A ynoxinul (Abyss:4)
  12 culicivoras
  3 flying skulls
  3 wyverns (Lair:6)
  A water elemental (Elf:2)
  5 wraiths
  28 yaks
  A basilisk (Lair:3)
  3 small abominations
  A dire elephant simulacrum (IceCv)
  A steam dragon (D:6)
  A fire elemental (D:13)
  A vampire mosquito (D:12)
  2 neqoxecs
  18 redbacks
  Menkaure (D:7)
  4 spatial vortices (Abyss:3)
  An acid dragon (D:11)
  2 death yak simulacra (IceCv)
  Edmund (D:6)
  4 water moccasins
  5 hell hounds
  19 orc warriors
  Duvessa (D:7)
  An ice beast (D:5)
  2 sky beasts (D:6)
  An ice beast (shapeshifter) (D:15)
  9 ogres
  4 centaurs
  3 lemures (D:9)
  A phantom (D:6)
  2 kobold brigands
  10 nameless horrors
  3 two-headed ogre simulacra (IceCv)
  4 scorpions
  5 bullfrogs
  3 earth elementals
  A cane toad simulacrum (IceCv)
  2 wights (D:9)
  Dowan (D:7)
  6 killer bees (Spider:2)
  A howler monkey (D:12)
  2 crimson imps (Abyss:5)
  2 hounds (D:6)
  A lava snake (Lair:6)
  9 orc priests
  2 jellies
  3 iguanas
  Ijyb (D:5)
  6 orc wizards
  3 polar bear simulacra (IceCv)
  A troll simulacrum (IceCv)
  A spriggan simulacrum (IceCv)
  11 gnolls
  6 adders
  A river rat (D:4)
  2 shadow imps
  10 white imps
  3 ufetubi (IceCv)
  3 worms
  2 dart slugs
  52 orcs
  4 endoplasms
  2 giant cockroaches (D:4)
  11 goblins
  11 hobgoblins
  11 kobolds
  2 quokkas (D:4)
  2 ball pythons
  A rat (D:3)
681 creatures vanquished.

Vanquished Creatures (others)
  A ghost moth (Spider:4)
  9 dancing weapons
  A deep elf knight (Elf:1)
  A wizard (Vaults:1)
  An orc knight (Vaults:1)
  A tarantella (Spider:4)
  A ynoxinul (Abyss:4)
  A water elemental (Elf:1)
  A large abomination (Abyss:4)
  A redback (Spider:4)
  2 spatial vortices (Abyss:4)
  A crimson imp (Abyss:5)
  A kobold (D:7)
  A bush (Lair:2)
  4 foxfires (Abyss:3)
  21 fungi
  2 lurking horrors
  32 plants
  3 snaplasher vines
  36 starspawn tentacles
121 creatures vanquished.

Grand Total: 1603 creatures vanquished

Table legend:
 A = Non-vault XP
 B = Vault XP
 C = Vault XP percentage of total XP
 D = Non-vault monster count
 E = Vault monster count
 F = Vault count percentage of total count
                 A         B        C        D         E       F
            +---------+---------+-------+---------+---------+-------
      Total |  275254 |  230296 |  45.6 |     872 |     590 |  40.4
            +---------+---------+-------+---------+---------+-------
        D:1 |      16 |       0 |   0.0 |       8 |       0 |   0.0
        D:2 |      42 |      47 |  52.8 |      15 |       6 |  28.6
        D:3 |      49 |       8 |  14.0 |      13 |       3 |  18.8
        D:4 |     624 |      35 |   5.3 |      25 |       5 |  16.7
        D:5 |     561 |      36 |   6.0 |      24 |       1 |   4.0
        D:6 |     852 |    1465 |  63.2 |      16 |      13 |  44.8
        D:7 |    1314 |     766 |  36.8 |      22 |       4 |  15.4
        D:8 |     979 |       0 |   0.0 |      13 |       0 |   0.0
        D:9 |    3637 |    2302 |  38.8 |      33 |       5 |  13.2
       D:10 |    2881 |     923 |  24.3 |      10 |       4 |  28.6
       D:11 |    7955 |    2300 |  22.4 |      34 |      25 |  42.4
       D:12 |    5707 |    6493 |  53.2 |      24 |      31 |  56.4
       D:13 |    7492 |    2717 |  26.6 |      21 |      10 |  32.3
       D:14 |   11722 |   10087 |  46.3 |      21 |      12 |  36.4
       D:15 |    6548 |    5459 |  45.5 |      16 |       5 |  23.8
     Lair:1 |    5042 |    1821 |  26.5 |      14 |       7 |  33.3
     Lair:2 |    3970 |       0 |   0.0 |      18 |       0 |   0.0
     Lair:3 |    6127 |    3320 |  35.1 |      18 |      10 |  35.7
     Lair:4 |    6443 |     226 |   3.4 |      22 |       1 |   4.3
     Lair:5 |    9807 |    1936 |  16.5 |      37 |      18 |  32.7
     Lair:6 |   14417 |    8399 |  36.8 |      35 |      27 |  43.5
    Swamp:1 |    3127 |       0 |   0.0 |       4 |       0 |   0.0
   Spider:1 |    7922 |   11317 |  58.8 |      16 |      23 |  59.0
   Spider:2 |   19566 |   16746 |  46.1 |      51 |      52 |  50.5
   Spider:3 |   13280 |   19572 |  59.6 |      32 |      22 |  40.7
   Spider:4 |   11529 |   12320 |  51.7 |      18 |      29 |  61.7
      Orc:1 |    1768 |       0 |   0.0 |      19 |       0 |   0.0
      Orc:2 |    4312 |   17772 |  80.5 |      41 |      44 |  51.8
      Elf:1 |   31179 |    4673 |  13.0 |      47 |       7 |  13.0
      Elf:2 |    5361 |    3063 |  36.4 |      11 |       5 |  31.2
      Elf:3 |    4035 |    3773 |  48.3 |       8 |       3 |  27.3
   Vaults:1 |   21390 |   29607 |  58.1 |      35 |      37 |  51.4
   Vaults:2 |   40723 |   20092 |  33.0 |      55 |      26 |  32.1
   Vaults:3 |   13824 |   33118 |  70.6 |      22 |      43 |  66.2
   Depths:1 |    1053 |       0 |   0.0 |       1 |       0 |   0.0
    Abyss:2 |       0 |       0 |   N/A |       2 |       0 |   0.0
    Abyss:3 |       0 |       0 |   N/A |      33 |       0 |   0.0
    Abyss:4 |       0 |       0 |   N/A |      19 |       0 |   0.0
    Abyss:5 |       0 |       0 |   N/A |      19 |       3 |  13.6
     Bailey |       0 |    4132 | 100.0 |       0 |      53 | 100.0
      IceCv |       0 |    5771 | 100.0 |       0 |      56 | 100.0
            +---------+---------+-------+---------+---------+-------

Illustrated notes

Table legend:
 A = Kills in this place as a percentage of kills in entire the game.
 B = Kills by you in this place as a percentage of kills by you in the entire game.
 C = Kills by friends in this place as a percentage of kills by friends in the entire game.
 D = Other kills in this place as a percentage of other kills in the entire game.
 E = Experience gained in this place as a percentage of experience gained in the entire game.
 F = Experience gained in this place divided by the number of levels of this place that you have seen.
                   A       B       C       D       E      F
               +-------+-------+-------+-------+-------+----------------------
         Total | 100.0 | 100.0 | 100.0 | 100.0 | 100.0 | 10317.3
       Dungeon |  28.7 |  29.0 |  28.8 |   0.0 |  16.4 | 5534.5
          Lair |  14.2 |  20.2 |   7.2 |   0.0 |  12.2 | 10251.3
         Swamp |   0.3 |   0.4 |   0.2 |   0.0 |   0.6 | 3127.0
   Spider Nest |  16.6 |  16.3 |  17.3 |   0.0 |  22.2 | 28063.0
  Orcish Mines |   7.1 |   7.0 |   7.4 |   0.0 |   4.7 | 11926.0
   Elven Halls |   5.5 |   4.6 |   5.4 |  75.0 |  10.3 | 17361.3
        Vaults |  14.9 |   9.5 |  21.2 |  16.7 |  31.4 | 52918.0
        Depths |   0.1 |   0.1 |   0.0 |   0.0 |   0.2 | 1053.0
         Abyss |   5.2 |   5.7 |   4.5 |   8.3 |   0.0 |   0.0
        Bailey |   3.6 |   2.7 |   4.8 |   0.0 |   0.8 | 4132.0
      Ice Cave |   3.8 |   4.5 |   3.2 |   0.0 |   1.1 | 5771.0
               +-------+-------+-------+-------+-------+----------------------

Table legend: (Time is in decaauts)
 A = Elapsed time spent in this place.
 B = Non-inter-level travel time spent in this place.
 C = Inter-level travel time spent in this place.
 D = Time resting spent in this place.
 E = Time spent auto-exploring this place.
 F = Levels seen in this place.
 G = Mean time per level.
                   A        B        C        D        E       F      G
               +--------+--------+--------+--------+--------+-----+--------+
         Total |  89196 |  81409 |   7787 |  25269 |  41285 |  49 | 1820.3 |
       Dungeon |  30411 |  27150 |   3261 |   4926 |  18209 |  15 | 2027.4 |
          Lair |   9521 |   8503 |   1018 |    501 |   6674 |   6 | 1586.8 |
         Swamp |    334 |    334 |      0 |     38 |    188 |   1 |  334.0 |
   Spider Nest |  18009 |  16636 |   1373 |   7928 |   5905 |   4 | 4502.2 |
  Orcish Mines |   3106 |   2788 |    318 |    507 |   1552 |   2 | 1553.0 |
   Elven Halls |   9212 |   8356 |    856 |   4519 |   2623 |   3 | 3070.7 |
        Vaults |  11838 |  10881 |    957 |   4774 |   3877 |   3 | 3946.0 |
        Depths |    150 |    150 |      0 |     70 |     26 |   1 |  150.0 |
         Abyss |   3777 |   3777 |      0 |   1411 |    674 |  12 |  314.8 |
        Bailey |   1198 |   1198 |      0 |    181 |    687 |   1 | 1198.0 |
      Ice Cave |   1636 |   1636 |      0 |    412 |    867 |   1 | 1636.0 |
               +--------+--------+--------+--------+--------+-----+--------+

Top non-repeatable levels by time:
Vaults:1: 5713 daAuts
Spider:3: 5700 daAuts
   Elf:1: 4859 daAuts
Spider:4: 4401 daAuts
Spider:2: 4135 daAuts
Vaults:2: 3933 daAuts
Spider:1: 3771 daAuts
    D:14: 3555 daAuts
   Elf:2: 3508 daAuts
    D:12: 2745 daAuts
    D:13: 2729 daAuts
   Orc:2: 2436 daAuts
    D:15: 2393 daAuts
     D:4: 2386 daAuts
     D:5: 2214 daAuts
